 Dungeon Crawl Stone Soup version 0.29.1-1-gd02db6906a (webtiles) character file.

Game seed: 4709852600125348265

16 zeram the Conjurer (level 2, -1/13 HPs)
             Began as a Spriggan Conjurer on Oct 10, 2022.
             Slain by a kobold
             ... wielding a +0 dagger
              (3 damage)
             ... on level 1 of the Dungeon.
             The game lasted 00:02:25 (560 turns).

zeram the Conjurer (Spriggan Conjurer)               Turns: 560, Time: 00:02:26

Health: -1/13      AC:  2    Str:  3    XL:     2   Next: 37%
Magic:  2/6        EV: 17    Int: 19    God:
Gold:   25         SH:  0    Dex: 13    Spells: 3/6 levels left

rFire   . . .      SeeInvis +   c - +0 whip
rCold   . . .      Faith    .   (no shield)
rNeg    . . .      Spirit   .   a - +0 robe
rPois   .          Reflect  .   (helmet restricted)
rElec   .          Harm     .   (no cloak)
rCorr   .          Rampage  .   (gloves unavailable)
Will    .....                   (boots unavailable)
Stlth   ++........              (no amulet)
HPRegen 0.04/turn               (no ring)
MPRegen 0.10/turn               (no ring)

@: very quick
A: very small, no large weapons, unfitting armour, see invisible, speed 3
a: no special abilities


You were on level 1 of the Dungeon.
You visited 1 branch of the dungeon, and saw 1 of its levels.

You collected 25 gold pieces.

Inventory:

Hand Weapons
 c - a +0 whip (weapon)
Armour
 a - a +0 robe (worn)
Potions
 b - a potion of magic
 d - a potion of curing {unknown}


   Skills:
 + Level 2.8 Dodging
 - Level 3.0 Stealth
 + Level 2.8 Spellcasting
 + Level 3.4 Conjurations


You had 3 spell levels left.
You knew the following spells:

 Your Spells              Type           Power      Damage    Failure   Level
a - Magic Dart            Conj           60%        1d6       3%          1
b - Searing Ray           Conj           30%        2d5       6%          2

Your spell library contained the following spells:

 Spells                   Type           Power      Damage    Failure   Level
 Dazzling Flash           Conj/Hex       18%        N/A       22%         3
 Fulminant Prism          Conj/Hex       4%         3d6       58%         4
 Iskenderun's Mystic Bla  Conj/Tloc      9%         2d4       58%         4


Dungeon Overview and Level Annotations

Branches:
Dungeon (1/15)

Altars:


Innate Abilities, Weirdness & Mutations

You are very small and have problems with some larger weapons.
You are too small for most types of armour.
You have supernaturally acute eyesight. (SInv)
You cover ground extremely quickly. (Speed+++)


Message History

You hit the goblin.
The goblin is severely wounded.
The goblin closely misses you.
Casting: Magic Dart (safe; 3% risk of failure)
Confirm with . or Enter, or press ? or * to list all spells.
Aiming: Magic Dart (safe; 3% risk of failure)
Press: ? - help, Shift-Dir - straight line, f - goblin
Aim: a goblin, wielding a +0 dagger (severely wounded, 100% to hit)
The magic dart hits the goblin.
You kill the goblin!
You closely miss the kobold. The kobold completely misses you.
You hit the kobold.
The kobold is heavily wounded.
The kobold hits you with a +0 dagger.
You barely miss the kobold.
The kobold is heavily wounded.
The kobold misses you.
A gnoll comes into view. It is wielding a +0 whip.
Found 12 gold pieces.
Found 10 gold pieces and a scroll labelled GINGIADUID.
The ball python hisses angrily.
The ball python bites you.
* * * LOW HITPOINT WARNING * * *
The ball python completely misses you.
You hit the ball python.
The ball python is moderately wounded.
The ball python closely misses you. The ball python misses you.
The kobold completely misses you.
Casting: Magic Dart (safe; 3% risk of failure)
Confirm with . or Enter, or press ? or * to list all spells.
Aiming: Magic Dart (safe; 3% risk of failure)
Press: ? - help, Shift-Dir - straight line, f - gnoll
Aim: a gnoll, wielding a +0 whip (100% to hit)
The magic dart hits the gnoll.
The gnoll is moderately wounded.
Found a lumpy green potion.
d - a lumpy green potion
There are no items here.
The kobold hits you with a +0 dagger.
You die...

#...#$.#...#
#.##...J##.#
#.#$...).#.#
#.#.....?#.#
#.##....##.#
#...#..#...##
##..####.....
####..g......###
##...S##K@....#
#..###J..######
#.##.g.###
#....### ######


You could see a gnoll, an endoplasm, a goblin and a kobold.

Vanquished Creatures
  A bat (D:1)
  3 endoplasms (D:1)
  2 giant cockroaches (D:1)
  4 goblins (D:1)
  A quokka (D:1)
  A rat (D:1)
12 creatures vanquished.

Notes
Turn   | Place    | Note
-------+----------+-------------------------------------------
     0 | D:1      | zeram the Spriggan Conjurer began the quest for the Orb.
     0 | D:1      | Reached XP level 1. HP: 9/9 MP: 5/5
   445 | D:1      | Reached XP level 2. HP: 13/13 MP: 3/6
   448 | D:1      | Learned a level 2 spell: Searing Ray
   560 | D:1      | Slain by a kobold

Illustrated notes

Levels and vault maps discovered:
D:1:      reono_arrival_forest_river, layout_basic,
          ebering_ecumenical_altar_mist, minmay_hexomino_c4

Skill      XL: |  1 |
---------------+----+-----
Conjurations   | 3 |  3.4
Dodging        | |  2.8
Stealth        | |  3.0
Spellcasting   | |  2.8

Action                   || total
-------------------------++-------
Melee: Unarmed           ||     5
       Whip              ||     9
 Cast: Magic Dart        ||    24
       Searing Ray       ||     1
Dodge: Dodged            ||    16
